M1918 Browning Automatic Rifles
Selects Advanced Infantry Battlegroup
Selects Convert to Ranger Squad
Construct Weapon Support Center
M3 Armored Personnel Carrier
Selects Frontline Medical Station
Selects Ammunition Storage
M18 Hellcat Tank Destroyer
Frontline Medical Station
Selects M2A1 105mm Howitzer Emplacement
Selects 155mm Rapid Artillery Barrage
M4(105) Sherman Bulldozer
M4(105) Sherman Bulldozer
155mm Rapid Artillery Barrage
Selects Ranger Weapon Training
Frontline Medical Station